 Dungeon Crawl Stone Soup version 0.30.1-9-gdf580d7c3d (webtiles) character file.

Game seed: 15017961280094900299

109 safid the Chiller (level 4, -7/34 HPs)
             Began as a Merfolk Ice Elementalist on Oct 2, 2023.
             Killed by divine providence
             ... invoked by an orc priest
              (14 damage)
             ... on level 4 of the Dungeon.
             The game lasted 00:03:34 (2915 turns).

safid the Chiller (Merfolk Ice Elementalist)        Turns: 2915, Time: 00:03:34

Health: -7/34      AC:  4    Str:  8    XL:     4   Next: 89%
Magic:  2/8        EV: 12    Int: 19    God:
Gold:   104        SH:  0    Dex: 14    Spells: 2/9 levels left

rFire   . . .        c - +0 dagger
rCold   . . .        (no shield)
rNeg    . . .        a - +0 robe
rPois   .            (no helmet)
rElec   .            k - +1 cloak of the Moon {Int+3 Slay+2}
rCorr   .            (no gloves)
SInv    +            (no boots)
Will    .....        (no amulet)
Stlth   ++           l - ring of see invisible
HPRegen 0.25/turn    (no ring)
MPRegen 0.11/turn

%: no passive effects
@: freezing walls
A: (nimble swimmer 2), mertail
a: no special abilities


You were on level 4 of the Dungeon.
You visited 1 branch of the dungeon, and saw 4 of its levels.

You collected 104 gold pieces.

Inventory:

Hand Weapons
 c - a +0 dagger (weapon)
Armour
 a - a +0 robe (worn)
 k - the +1 cloak of the Moon (worn) {Int+3 Slay+2}
   (You found it on level 3 of the Dungeon)

   Int:       It affects your intelligence (+3).
   Slay:      It affects your accuracy & damage with ranged weapons and melee
   (+2).
Jewellery
 e - a ring of fire
 l - a ring of see invisible (left hand)
 n - a +6 ring of strength
Wands
 m - a wand of iceblast (6)
Scrolls
 d - a scroll of immolation {unknown}
 f - a scroll of butterflies {unknown}
 h - a scroll of enchant weapon {unknown}
 i - 2 scrolls of identify {unknown}
 j - a scroll of magic mapping {unknown}
Potions
 b - a potion of magic
 g - a potion of haste {unknown}
 o - a potion of lignification {unknown}


   Skills:
 + Level 2.4 Fighting
 - Level 2.6 Dodging
 - Level 2.1 Stealth
 + Level 3.0 Spellcasting
 + Level 5.2 Ice Magic


You had 2 spell levels left.
You knew the following spells:

 Your Spells              Type           Power      Damage    Failure   Level
a - Freeze                Ice            92%        1d9       1%          1
b - Frozen Ramparts       Ice            46%        1d7       5%          3
c - Ozocubu's Armour      Ice            23%        N/A       5%          3

Your spell library contained the following spells:

 Spells                   Type           Power      Damage    Failure   Level
 Summon Ice Beast         Ice/Summ       12%        N/A       45%         4


Dungeon Overview and Level Annotations

Branches:
Dungeon (4/15)
 Temple: D:4-7

Altars:
Nemelex Xobeh
Ru
Sif Muna


Innate Abilities, Weirdness & Mutations

((You are very nimble when in or above water. (Stealth+, EV+, Speed+++)))
Your lower body shifts to a powerful aquatic tail in water.


Message History

The adder closely misses you.
An orc priest comes into view. It is wielding a +0 flail.
The adder bites you.
Casting: Freeze (safe; 1% risk of failure)
Confirm with . or Enter, or press ? or * to list all spells.
Aiming: Freeze (safe; 1% risk of failure)
Press: ? - help, Shift-Dir - straight line, f/p - adder
Aim: an adder (severely wounded)
You freeze the adder.
The adder is almost dead.
The adder seems to slow down.
The orc priest shouts!
You hear a shout!
A goblin comes into view. It is wielding a +0 dagger.
The adder is no longer moving slowly.
The adder bites you.
Casting: Freeze (safe; 1% risk of failure)
Confirm with . or Enter, or press ? or * to list all spells.
Aiming: Freeze (safe; 1% risk of failure)
Press: ? - help, Shift-Dir - straight line, f/p - adder
Aim: an adder (almost dead)
You freeze the adder.
You kill the adder!
The orc priest miscasts a cantrip.
Unknown command.
The orc hits you with a +0 flail. The orc attacks as you move away!
The orc hits you with a +0 flail.
The orc priest invokes the aid of Beogh against you.
Beogh smites you!
* * * LOW HITPOINT WARNING * * *
The orc attacks as you move away! The orc hits you with a +0 flail.
* * * LOW HITPOINT WARNING * * *
Casting: Freeze (safe; 1% risk of failure)
Confirm with . or Enter, or press ? or * to list all spells.
Casting: Frozen Ramparts (dangerous; 5% risk of failure)
Press: ? - help, Dir - look around, f - activate The walls around you are covered in ice.
The wall freezes the orc.
You kill the orc!
The orc priest invokes the aid of Beogh against you.
Beogh smites you!
You die...

.........?..........
..........#..........
8..........#..........
#.....................
#.....................
#...##...##...........
#...# #...............
#...###.........>.....
#....@)..#...)........
#....##o....o........#
#####.....................
....................##.#..
...................... ...
...........#......##### ..
........#....##.....# g
.................##.
#.....#....###..##


You could see an orc priest and an orc.

Vanquished Creatures
  3 adders
  3 worms
  3 dart slugs
  4 orcs
  5 endoplasms
  8 goblins
  3 hobgoblins
  3 jackals (D:1)
  3 quokkas
  6 ball pythons
  5 bats
  5 frilled lizards
  8 kobolds
  6 rats
65 creatures vanquished.

Notes
Turn   | Place    | Note
-------+----------+-------------------------------------------
     0 | D:1      | safid the Merfolk Ice Elementalist began the quest for the
                  | Orb.
     0 | D:1      | Reached XP level 1. HP: 13/13 MP: 3/3
   111 | D:1      | Reached XP level 2. HP: 4/20 MP: 0/5
   204 | D:1      | Reached skill level 1 in Fighting
   579 | D:1      | Reached XP level 3. HP: 26/26 MP: 4/6
   583 | D:1      | Learned a level 3 spell: Frozen Ramparts
  1187 | D:2      | Learned a level 3 spell: Ozocubu's Armour
  1362 | D:2      | Reached skill level 5 in Ice Magic
  1374 | D:2      | Reached XP level 4. HP: 13/33 MP: 2/8
  1864 | D:3      | Identified the +1 cloak of the Moon {Int+3 Slay+2}
  2040 | D:3      | Found a faded altar of an unknown god.
  2281 | D:3      | Found a sparkling altar of Nemelex Xobeh.
  2282 | D:3      | Found a sacrificial altar of Ru.
  2283 | D:3      | Found a shimmering blue altar of Sif Muna.
  2915 | D:4      | Killed from afar by an orc priest

Illustrated notes

Levels and vault maps discovered:
D:1:      scummos_arrival_hexagon, layout_basic
D:2:      layout_rooms, kennysheep_generic_room_15
D:3:      layout_basic, chequers_temple_overflow_statue_of_worship,
          ebering_ecumenical_altar_sacrificial
D:4:      layout_rooms, biasface_ghost_orc_armoury, serial_bayou_pond_a

Skill      XL: |  1  2  3  4 |
---------------+-------------+-----
Fighting       | 1 2 |  2.4
Ice Magic      | 5 |  5.2
Spellcasting   | 3 |  3.0
Dodging        | |  2.6
Stealth        | |  2.1

Action                     |  1- 3 |  4- 6 || total
---------------------------+-------+-------++-------
  Melee: Dagger            |    70 |    93 ||   163
         Unarmed           |     1 |       ||     1
   Cast: Freeze            |    40 |    10 ||    50
         Frozen Ramparts   |     1 |     4 ||     5
         Ozocubu's Armour  |       |     1 ||     1
   Stab: Sleeping          |     3 |     5 ||     8
 Armour: Robe              |    19 |    34 ||    53
  Dodge: Dodged            |    63 |    71 ||   134
